 Dungeon Crawl Stone Soup version 0.24.0-28-g17ded55e90 (webtiles) character file.

Game seed: 8203905183531559673, levelgen mode: deterministic

1062 Delamore the Cleaver (level 8, -6/64 HPs)
             Began as a Hill Orc Fighter on Nov 11, 2019.
             Killed by divine providence
             ... invoked by an orc priest
              (14 damage)
             ... on level 5 of the Dungeon.
             The game lasted 00:09:35 (3288 turns).

Delamore the Cleaver (Hill Orc Fighter)             Turns: 3288, Time: 00:09:36

Health: -6/64      AC:  9    Str: 20 (21) XL:     8   Next: 27%
Magic:  8/8        EV:  8    Int:  7 (8)  God:
Gold:   229        SH:  9    Dex:  8 (10) Spells: 7/7 levels left

rFire    . . .     SeeInvis .   a - +0 war axe
rCold    . . .     Gourm    .   c - +0 shield
rNeg     . . .     Faith    .   x - +1 ring mail {MR+}
rPois    .         Spirit   .   (no helmet)
rElec    .         Reflect  .   z - +0 cloak
rCorr    .         Harm     .   (no gloves)
MR       +....                  o - +0 pair of boots
Stlth    ..........             e - amulet of regeneration
HPRegen  0.60/turn              (no ring)
MPRegen  0.11/turn              (no ring)

@: no status effects
A: no striking features
a: Convert to Beogh


You were on level 5 of the Dungeon.
You were hungry.

You visited 1 branch of the dungeon, and saw 5 of its levels.

You collected 229 gold pieces.

Inventory:

Hand Weapons
 a - a +0 war axe (weapon)
Missiles
 g - 8 curare-tipped darts
 p - 4 boomerangs of dispersal (quivered)
Armour
 c - a +0 shield (worn)
 o - a +0 pair of boots (worn)
 t - a +2 robe of resistance
 x - a +1 ring mail of magic resistance (worn)
 z - a +0 cloak (worn)
Jewellery
 e - an amulet of regeneration (around neck)
 m - an uncursed amulet of the acrobat
Wands
 w - a wand of flame (13)
Scrolls
 j - 4 scrolls of blinking
 k - a scroll of fear
 l - 2 scrolls of immolation
 n - 2 scrolls of random uselessness
 r - a scroll of magic mapping
 s - a scroll of teleportation
 y - 2 scrolls of remove curse
Potions
 b - 2 potions of berserk rage {unknown}
 d - a potion of might
 h - a potion of ambrosia {unknown}
 i - 3 potions of agility
 q - a potion of degeneration
 u - a potion of curing {unknown}
 v - a potion of flight {unknown}
 B - a potion of lignification {unknown}
Comestibles
 f - 8 rations
 C - a chunk of flesh


   Skills:
 - Level 3.6 Fighting
 + Level 12.2 Axes
 - Level 3.2 Armour
 - Level 3.2 Shields


You had 7 spell levels left.
You didn't know any spells.
Your spell library contained the following spells:

 Spells                   Type           Power        Failure   Level  Hunger
 Animate Skeleton         Necr           N/A          98%         1    ##.....
 Pain                     Necr           #...         98%         1    ##.....
 Regeneration             Chrm/Necr      #.........   100%        3    ####...
 Vampiric Draining        Necr           #.........   100%        3    ####...
 Animate Dead             Necr           N/A          100%        4    #####..


Dungeon Overview and Level Annotations

Branches:
Dungeon (5/15)
 Temple: D:4-7

Altars:
Dithmenos
Fedhas
Okawaru
Uskayaw

Annotations:
D:5 Dowan, Duvessa


Message History

You slash the orc priest!
The orc priest is almost dead.
The orc priest barely misses you.
You closely miss the orc priest.
The orc priest is almost dead.
You block the orc priest's attack.
You hit the orc priest but do no damage.
The orc priest is almost dead.
You barely miss the orc priest.
The orc priest is almost dead.
The orc priest hits you with a +0 flail.
* * * LOW HITPOINT WARNING * * *
You barely miss the orc priest.
The orc priest is almost dead.
The orc priest barely misses you.
You closely miss the orc priest.
The orc priest is almost dead.
The orc priest mumbles some strange prayers to Beogh against you.
Beogh smites you!
You die...

#..###.###.[ .# #
#..........# .### #
##.###.###.# ... #
#.).......###.#####
#
#.###.###..........
# #.# #.#
###..##### #.# #.#
##.# #.# #.# #.#
#.# #.# #@# #.# #.#
#o# #.###.. .o.
#...### ##...
#)#.###### #####
#.#.##...###
#..........#####.#
###.........<....#
###......#####.#


You could see an orc priest and an orc.

Vanquished Creatures
  The ghost of namelastname112 the Sneak, an amateur DrAs (D:3)
  Sigmund (D:3)
  An ogre (D:4)
  A water moccasin zombie (D:3)
  A howler monkey (D:4)
  A crimson imp (D:5)
  A hound (D:4)
  2 orc priests (D:3)
  3 orc wizards
  Crazy Yiuf (D:3)
  Jessica (D:3)
  2 worker ants
  Ijyb (D:4)
  A hound zombie (D:3)
  A worker ant zombie (D:5)
  5 adders
  3 oozes
  An adder zombie (D:5)
  2 dart slugs (D:1)
  2 leopard geckos (D:3)
  9 orcs
  7 giant cockroaches
  13 goblins
  7 hobgoblins
  9 jackals
  A ball python (D:1)
  5 bats
  9 frilled lizards
  A jackal skeleton (D:5)
  11 kobolds
  A quokka skeleton (D:3)
  9 rats
114 creatures vanquished.

Notes
Turn   | Place    | Note
-------+----------+-------------------------------------------
     0 | D:1      | Delamore the Hill Orc Fighter began the quest for the Orb.
     0 | D:1      | Reached XP level 1. HP: 19/19 MP: 1/1
    37 | D:1      | Reached skill level 3 in Axes
    74 | D:1      | Reached XP level 2. HP: 18/26 MP: 2/2
   240 | D:1      | Reached skill level 4 in Axes
   445 | D:1      | Reached XP level 3. HP: 26/31 MP: 3/3
   716 | D:2      | Reached skill level 5 in Axes
   829 | D:2      | Found a shadowy altar of Dithmenos.
   935 | D:2      | Found a hide-covered altar of Uskayaw.
  1110 | D:2      | Reached XP level 4. HP: 39/39 MP: 4/4
  1200 | D:3      | Found a runed translucent door.
  1201 | D:3      | Noticed Crazy Yiuf
  1215 | D:3      | Noticed Jessica
  1219 | D:3      | Killed Jessica
  1219 | D:3      | Reached skill level 6 in Axes
  1297 | D:3      | Noticed namelastname112's ghost (amateur DrAs)
  1298 | D:3      | Found a transporter.
  1319 | D:3      | Found a transporter.
  1384 | D:3      | Noticed Sigmund
  1387 | D:3      | Noticed Ijyb
  1463 | D:4      | Found a blossoming altar of Fedhas.
  1510 | D:4      | Reached XP level 5. HP: 34/45 MP: 5/5
  1559 | D:4      | Reached skill level 7 in Axes
  1983 | D:4      | Noticed an ogre
  1988 | D:4      | Killed an ogre
  1988 | D:4      | Reached skill level 8 in Axes
  1988 | D:4      | Reached XP level 6. HP: 31/51 MP: 6/6
  2100 | D:4      | Killed Ijyb
  2154 | D:3      | Killed Sigmund
  2154 | D:3      | Reached skill level 9 in Axes
  2154 | D:3      | Reached XP level 7. HP: 47/57 MP: 7/7
  2318 | D:3      | Reached skill level 10 in Axes
  2613 | D:3      | Killed Crazy Yiuf
  2675 | D:3      | Killed namelastname112's ghost
  2675 | D:3      | Reached skill level 11 in Axes
  2675 | D:3      | Reached XP level 8. HP: 30/64 MP: 8/8
  2795 | D:5      | Entered Level 5 of the Dungeon
  3131 | D:5      | Reached skill level 12 in Axes
  3132 | D:5      | Found an iron altar of Okawaru.
  3142 | D:5      | Noticed Duvessa
  3145 | D:5      | Noticed Dowan
  3288 | D:5      | Killed from afar by an orc priest

Levels and vault maps discovered:
D:1:      shiori_arrival_elements, layout_loops_cross
D:2:      layout_rooms, lemuel_crystal_altar, lemuel_round_altar, first_ration,
          minmay_indecisive_spiral
D:3:      kennysheep_the_goblin_king, layout_basic, gammafunk_ghost_mausoleum,
          uniq_sigmund, uniq_crazy_yiuf_cottage, uniq_ijyb, uniq_jessica
D:4:      layout_gridville, lemuel_crystal_altar,
          nicolae_overflow_hidden_temple, supply_closet_lemuel
D:5:      layout_loops_ring, old_standard_altar, okawaru_gym_becter,
          uniq_duvessa

Skill      XL: |  1  2  3  4  5  6  7  8 |
---------------+-------------------------+-----
Axes           | 3 4 5 6 8 9 11 12 | 12.2
Fighting       | |  3.6
Armour         | |  3.2
Shields        | |  3.2

Action                   |  1- 3 |  4- 6 |  7- 9 || total
-------------------------+-------+-------+-------++-------
Melee: War axe           |    75 |   145 |   185 ||   405
       Hand axe          |    52 |       |       ||    52
  Use: Scroll            |     4 |     5 |     2 ||    11
       Potion            |       |       |     1 ||     1
  Eat: Chunk             |     1 |     4 |     3 ||     8
Armor: Scale mail        |    57 |    57 |       ||   114
       Ring mail         |       |     1 |    66 ||    67
Dodge: Dodged            |    42 |    41 |    40 ||   123
Block: Shield            |    64 |    65 |    76 ||   205
